 Dungeon Crawl Stone Soup version 0.32-a0-871-ge202e49faa (webtiles) character file.

Game seed: 2720597942676441605

16 KennySheep the Trooper (level 2, 0/3 HPs)
             Began as an Oni Warper on Mar 29, 2024.
             Slain by a ball python (3 damage)
             ... on level 1 of the Dungeon.
             The game lasted 00:02:51 (395 turns).

KennySheep the Trooper (Oni Warper)                  Turns: 395, Time: 00:02:51

Health: 0/3        AC:  1    Str: 14    XL:     2   Next: 54%
Magic:  5/5        EV:  8    Int: 14    God:
Gold:   54         SH:  5    Dex:  8    Spells: 3/5 levels left

rFire   . . .        a - +0 mace
rCold   . . .        (no shield)
rNeg    . . .        b - melded +0 robe
rPois   .            (helmet restricted)
rElec   .            (no cloak)
rCorr   .            (gloves unavailable)
SInv    .            (boots unavailable)
Will    .....        e - amulet of reflection
Stlth   +            (no ring)
HPRegen 0.20/turn    (no ring)
MPRegen 0.09/turn

%: reflection
@: maw-form
A: devouring maw, reduced hp, large, unfitting armour, horns 1, tough skin 1,
double potion healing, drunken brawling
a: Begin Untransformation


You were on level 1 of the Dungeon.
You were a creature with a mouth for a stomach.
You visited 1 branch of the dungeon, and saw 1 of its levels.

You collected 54 gold pieces.

Inventory:

Hand Weapons
 a - a +0 mace (weapon)
Missiles
 d - 7 darts of dispersal (quivered)
Armour
 b - a +0 robe (melded)
Jewellery
 e - an amulet of reflection (around neck)
Talismans
 f - a maw talisman (active)
Scrolls
 c - a scroll of blinking
 g - a scroll of enchant weapon {unknown}


   Skills:
 + Level 3.2 Fighting
 * Level 2.7 Maces & Flails
 - Level 1.0 Throwing
 - Level 2.1 Dodging
 - Level 2.4 Spellcasting
 - Level 2.6 Translocations
 + Level 0.0 Shapeshifting


You had 3 spell levels left.
You knew the following spells:

 Your Spells              Type           Power      Damage    Failure   Level
a - Blink                 Tloc           18%        N/A       12%         2

Your spell library contained the following spells:

 Spells                   Type           Power      Damage    Failure   Level
 Lesser Beckoning         Tloc           18%        N/A       12%         2
 Teleport Other           Tloc           9%         N/A       22%         3
 Static Discharge         Conj/Air       2%         3-4/arc   34%         2
 Inner Flame              Hex/Fire       1%         N/A       56%         3
 Maxwell's Portable Pile  Tloc           9%         2d(6-12)  58%         4
 Vhi's Electric Charge    Tloc/Air       10%        N/A       78%         4
 Airstrike                Air            0%         2d(1-17)  92%         4
 Summon Lightning Spire   Summ/Air       1%         N/A       92%         4
 Irradiate                Conj/Alch      0%         3d11      99%         5
 Ignition                 Fire           0%         3d3       100%        8


Dungeon Overview and Level Annotations

Branches:
Dungeon (1/15)

Altars:

Shops:
D:1 (


Innate Abilities, Weirdness & Mutations

You are a creature with a mouth for a stomach.
Your midsection houses a second, enormous mouth.
Your maximum health is decreased, since you lack skill for your form.
You are too large for most types of armour.
You have a pair of small horns on your head.
You have tough skin. (AC +1)
You gain doubled healing and magic from potions.
Whenever you drink a healing potion, you attack all around you.


Message History

You begin transforming.
You continue transforming. x3
You turn into a creature with a mouth for a stomach.
Your +0 robe melds into your body.
A giant cockroach comes into view.
A giant cockroach is nearby!
A giant cockroach is nearby!
A giant cockroach is nearby!
No target in view!
A giant cockroach is nearby!
You hit the giant cockroach.
You devour the giant cockroach!
You feel better.
You kill the giant cockroach!
A bat comes into view.
A bat is nearby!
You closely miss the bat. You bite the bat, but do no damage. The bat hits you.
You hit the bat.
You devour the bat!
You feel better.
You kill the bat!
g - a scroll labelled NIOROU SICY
Found a stone staircase leading down.
You pick up a book of Storms and begin reading...
You add the spells Static Discharge, Airstrike and Summon Lightning Spire to your library.
You now have 54 gold pieces (gained 2).
Found Qeagi's Weapon Boutique.
There is an entrance to Qeagi's Weapon Boutique here.
A ball python comes into view.
The ball python hisses angrily.
You hear an angry hiss.
A ball python comes into view.
There are monsters nearby!
You hit the ball python.
The ball python is moderately wounded.
The ball python barely misses you.
You barely miss the ball python.
The ball python is moderately wounded.
The ball python closely misses you.
The ball python bites you but does no damage.
The ball python barely misses you.
You closely miss the ball python. Your headbutt misses the ball python.
The ball python is moderately wounded.
The ball python bites you.
Ouch! That really hurt!
You die...

........# ........#
........###
........#.###
............ ..........#
##+####### ......S...#
#.........
......SW..#####.........
..######................
. #..####..........
....##.∩####..........
...................>..
..####..####..........
#..# #..........
##...###.#+####'#.
.........#.#....##


You could see 2 ball pythons.

Vanquished Creatures
  An endoplasm (D:1)
  2 giant cockroaches (D:1)
  3 goblins (D:1)
  A hobgoblin (D:1)
  2 ball pythons (D:1)
  3 bats (D:1)
  A rat (D:1)
13 creatures vanquished.

Notes
Turn   | Place    | Note
-------+----------+-------------------------------------------
     0 | D:1      | KennySheep the Oni Warper began the quest for the Orb.
     0 | D:1      | Reached XP level 1. HP: 22/22 MP: 3/3
   159 | D:1      | Reached skill level 3 in Fighting
   180 | D:1      | Reached XP level 2. HP: 31/31 MP: 5/5
   183 | D:1      | Learned a level 2 spell: Blink
   382 | D:1      | Found Qeagi's Weapon Boutique.
   395 | D:1      | Slain by a ball python

Illustrated notes

Levels and vault maps discovered:
D:1:      shiori_arrival_oz, layout_basic, serial_shops, shop

Skill      XL: |  1 |
---------------+----+-----
Fighting       | 3 |  3.2
Maces & Flails | |  2.7
Throwing       | |  1.0
Dodging        | |  2.1
Spellcasting   | |  2.4
Translocations | |  2.6

Action                     || total
---------------------------++-------
  Melee: Mace              ||    44
         Headbutt          ||     5
         Maw               ||     1
 Armour: Robe              ||    38
         Skin              ||     3
  Dodge: Dodged            ||    23
  Block: Other             ||     5
   Form: Maw               ||     1

Table legend: (Time is in decaauts)
 A = Elapsed time spent in this place.
 B = Non-inter-level travel time spent in this place.
 C = Inter-level travel time spent in this place.
 D = Time resting spent in this place.
 E = Time spent auto-exploring this place.
 F = Levels seen in this place.
 G = Mean time per level.
                   A        B        C        D        E       F      G
               +--------+--------+--------+--------+--------+-----+--------+
         Total |    407 |    407 |      0 |      0 |    278 |   1 |  407.0 |
       Dungeon |    407 |    407 |      0 |      0 |    278 |   1 |  407.0 |
               +--------+--------+--------+--------+--------+-----+--------+

Top non-repeatable levels by time:
     D:1: 407 daAuts
